 Dungeon Crawl Stone Soup version 0.28-a0-845-gfc338a8e3c (webtiles) character file.

Game seed: 17813911020520982631

1261 ryw the Destroyer (level 8, -25/42 (43) HPs)
             Began as a Deep Elf Conjurer on Nov 12, 2021.
             Was a Follower of Vehumet.
             Killed from afar by an acid dragon (29 damage)
             ... with a splash of acid
             ... on level 6 of the Dungeon.
             The game lasted 00:19:47 (7978 turns).

ryw the Destroyer (Deep Elf Conjurer)               Turns: 7978, Time: 00:19:49

HP:   -25/42 (43)   AC:  4    Str:  5    XL:     8   Next: 27%
MP:   6/25          EV: 13    Int: 25    God:    Vehumet [*.....]
Gold: 209           SH:  0    Dex: 19    Spells: 5/16 levels left

rFire   + . .      SeeInvis .   i - staff of conjuration
rCold   + . .      Faith    .   (no shield)
rNeg    . . .      Spirit   .   f - +1 robe {rC+ rF+}
rPois   .          Reflect  .   d - +1 hat
rElec   .          Harm     .   (no cloak)
rCorr   .          Rampage  .   (no gloves)
Will    .....                   (no boots)
Stlth   +++.......              (no amulet)
HPRegen 0.14/turn               b - +6 ring of dexterity
MPRegen 0.19/turn               h - ring of magical power

@: lightly drained
A: no striking features
a: Renounce Religion


You were on level 6 of the Dungeon.
You worshipped Vehumet.
Vehumet was aware of your devotion.
You visited 2 branches of the dungeon, and saw 7 of its levels.
You also visited: Sewer.

You collected 209 gold pieces.

Inventory:

Hand Weapons
 e - a +3 vorpal quarterstaff
Missiles
 g - 53 poisoned darts
 p - a throwing net
Armour
 d - a +1 hat (worn)
 f - a +1 robe of resistance (worn)
Magical Staves
 i - a staff of conjuration (weapon)
Jewellery
 b - a +6 ring of dexterity (left hand)
 h - a ring of magical power (right hand)
 q - a ring of ice
 t - an amulet of the acrobat
Wands
 s - a wand of polymorph (11)
Scrolls
 j - 4 scrolls of teleportation
 k - a scroll of identify
 l - a scroll of enchant weapon {unknown}
 o - a scroll of acquirement {unknown}
Potions
 a - a potion of resistance {unknown}
 c - 4 potions of lignification
 m - a potion of brilliance {unknown}
 n - a potion of degeneration {unknown}
 r - a potion of attraction {unknown}


   Skills:
 - Level 1.0 Fighting
 - Level 1.0 Staves
 - Level 2.6 Dodging
 - Level 3.2 Stealth
 - Level 4.5 Spellcasting
 + Level 11.0 Conjurations


You had 5 spell levels left.
You knew the following spells:

 Your Spells              Type           Power      Damage    Failure   Level
a - Magic Dart            Conj           100%       1d8       1%          1
b - Searing Ray           Conj           100%       2d8       1%          2
c - Dazzling Flash        Conj/Hex       98%        N/A       2%          3
d - Iskenderun's Mystic   Conj/Tloc      49%        2d11      9%          4
e - Summon Small Mammal   Summ           20%        N/A       9%          1

Your spell library contained the following spells:

 Spells                   Type           Power      Damage    Failure   Level
 Sandblast                Erth           10%        2d5       9%          1
 Animate Skeleton         Necr           10%        N/A       9%          1
 Apportation              Tloc           10%        N/A       9%          1
 Fulminant Prism          Conj/Hex       24%        3d13      9%          4
 Portal Projectile        Hex/Tloc       10%        N/A       26%         3
 Blade Hands              Tmut           2%         N/A       94%         5
 Excruciating Wounds      Necr           2%         N/A       94%         5


Dungeon Overview and Level Annotations

Branches:
Dungeon (6/15)             Temple (1/1) D:4           Sewer (visited)

Altars:
Ashenzari
Cheibriados
Fedhas
Okawaru
Vehumet
Wu Jian
Zin
The Shining One


Message History

The gnoll closely misses you. The necrophage barely misses you.
The killer bee zombie closely misses you.
An ogre comes into view. It is wielding a +0 giant spiked club.
The searing ray hits the gnoll!
The gnoll is almost dead.
The searing ray hits the gnoll!
You kill the gnoll!
Vehumet accepts your kill. The killer bee zombie hits you.
The gnoll barely misses you. The necrophage hits you.
The killer bee zombie closely misses you.
The searing ray hits the gnoll!
You kill the gnoll!
Vehumet accepts your kill.
The searing ray hits the ogre!
The ogre is moderately wounded.
The killer bee zombie hits you. The necrophage hits you.
Unknown command.
The gnoll sergeant is no longer blind.
Casting: Searing Ray (safe; 1% risk of failure)
Confirm with . or Enter, or press ? or * to list all spells.
Okay, then.
Casting: Searing Ray (safe; 1% risk of failure)
Confirm with . or Enter, or press ? or * to list all spells.
Casting: Dazzling Flash (dangerous; 2% risk of failure)
Press: ? - help, Dir - look around, f - activate You feel a surge of power!
The ogre is dazzled.
The gnoll sergeant is dazzled.
The ogre misses you.
The gnoll sergeant hits you from afar with a +0 trident!
* * * LOW HITPOINT WARNING * * *
Your magical contamination has completely faded away.
The ogre is no longer blind.
The gnoll sergeant is no longer blind.
An acid dragon comes into view.
Found a lumpy red potion.
The acid dragon roars!
The acid dragon spits acid at you. The splash of acid hits you!!
Ouch! That really hurt!
You die...

########### #....#...#.
##############.##.......
.......@O.gZ.gn.........
.......#######.##.......
....... #.##.Z.....
....... #.#.g......
#####.# #....<...#. ..
.......)..... ...
######.)..... D..
.).....< ##.......


You could see an acid dragon (catching breath), an ogre, a necrophage, a gnoll
sergeant, a gnoll and a killer bee zombie.

Vanquished Creatures
  An ogre (D:5)
  7 kobold brigands (Sewer)
  3 hounds
  An orc priest (D:5)
  2 jellies
  A bullfrog skeleton (D:5)
  An iguana (D:3)
  7 orc wizards
  A hound skeleton (D:4)
  6 adders
  6 gnolls
  An adder zombie (D:5)
  5 worms
  3 dart slugs
  13 orcs
  4 bats
  12 endoplasms
  6 giant cockroaches
  10 goblins
  5 hobgoblins
  3 jackals (D:2)
  5 quokkas
  12 ball pythons
  3 frilled lizards
  A jackal skeleton (D:4)
  16 kobolds
  5 rats
140 creatures vanquished.

Vanquished Creatures (others)
  A goblin (D:1)
  8 plants (D:4)
9 creatures vanquished.

Grand Total: 149 creatures vanquished

Notes
Turn   | Place    | Note
-------+----------+-------------------------------------------
     0 | D:1      | ryw the Deep Elf Conjurer began the quest for the Orb.
     0 | D:1      | Reached XP level 1. HP: 10/10 MP: 6/6
   308 | D:1      | Reached XP level 2. HP: 15/15 MP: 5/8
   569 | D:1      | Reached skill level 5 in Conjurations
  1090 | D:1      | Learned a level 2 spell: Searing Ray
  1558 | D:2      | Reached XP level 3. HP: 19/19 MP: 4/9
  1799 | D:2      | Found a faded altar of an unknown god.
  2271 | D:2      | Found a snail-covered altar of Cheibriados.
  2764 | D:3      | Reached XP level 4. HP: 10/24 MP: 8/12
  2769 | D:3      | Reached skill level 6 in Conjurations
  2769 | D:3      | Reached XP level 5. HP: 2/28 MP: 2/13
  3537 | D:3      | Reached skill level 1 in Staves
  3753 | D:3      | Learned a level 3 spell: Dazzling Flash
  3765 | D:3      | Reached skill level 1 in Fighting
  4076 | D:4      | Found a glowing drain.
  4149 | Sewer    | Entered a sewer
  4462 | Sewer    | Reached skill level 7 in Conjurations
  4462 | Sewer    | Reached XP level 6. HP: 12/34 MP: 5/14
  5115 | Sewer    | Reached skill level 8 in Conjurations
  5261 | Sewer    | Reached XP level 7. HP: 35/38 MP: 7/15
  5780 | Sewer    | Reached skill level 9 in Conjurations
  5958 | D:4      | Learned a level 4 spell: Iskenderun's Mystic Blast
  6218 | D:4      | Found a staircase to the Ecumenical Temple.
  6228 | Temple   | Entered the Ecumenical Temple
  6264 | Temple   | Became a worshipper of Vehumet
  6391 | D:4      | Found a glowing silver altar of Zin.
  6516 | D:4      | Found an iron altar of Okawaru.
  6626 | D:4      | Learned a level 1 spell: Summon Small Mammal
  6980 | D:5      | Entered Level 5 of the Dungeon
  7054 | D:5      | Reached skill level 10 in Conjurations
  7229 | D:5      | Reached XP level 8. HP: 33/43 MP: 16/16
  7958 | D:6      | Reached * piety under Vehumet
  7958 | D:6      | Offered knowledge of Sandblast by Vehumet.
  7959 | D:6      | Reached skill level 11 in Conjurations
  7978 | D:6      | Killed from afar by an acid dragon

Illustrated notes

Levels and vault maps discovered:
D:1:      sevenhm_arrival_forest_fort_large_2, layout_loops_ring,
          minmay_tree_intersection, lemuel_flame_loot_1
D:2:      layout_loops_ring, basic_altar, basic_ecumenical_altar
D:3:      layout_loops_cross
D:4:      layout_basic, lemuel_crystal_altar, mainiacjoe_overflow_alcove_1,
          lemuel_temple_firewalk_b, serial_bayou, serial_bayou_ford_a,
          serial_bayou_pond_d, serial_bayou_pond_e, serial_bayou_shore_b,
          portal_sewer_entry_f
D:5:      layout_loops_cross, minmay_crystal_water
D:6:      layout_rooms, nicolae_overflow_hidden_temple,
          minmay_misc_feat_more_columns
Temple:   minmay_crystal_spiral_temple

Skill      XL: |  1  2  3  4  5  6  7  8 |
---------------+-------------------------+-----
Conjurations   | 5 6 7 8 10 11 | 11.0
Stealth        | 3 |  3.2
Spellcasting   | 4 |  4.5
Staves         | 1 |  1.0
Fighting       | 1 |  1.0
Dodging        | |  2.6

Action                   |  1- 3 |  4- 6 |  7- 9 || total
-------------------------+-------+-------+-------++-------
Melee: Club              |     4 |       |       ||     4
       Staff             |       |       |     7 ||     7
 Cast: Magic Dart        |    78 |    60 |    59 ||   197
       Searing Ray       |     3 |    14 |    27 ||    44
       Dazzling Flash    |       |       |     3 ||     3
       Iskenderun's Myst |       |       |     1 ||     1
  Use: Scroll            |     4 |     1 |     2 ||     7
       Potion            |       |     2 |       ||     2
Armor: Robe              |       |       |     8 ||     8
Dodge: Dodged            |     8 |     4 |    21 ||    33

Table legend: (Time is in decaauts)
 A = Elapsed time spent in this place.
 B = Non-inter-level travel time spent in this place.
 C = Inter-level travel time spent in this place.
 D = Time resting spent in this place.
 E = Time spent auto-exploring this place.
 F = Levels seen in this place.
 G = Mean time per level.
                   A        B        C        D        E       F      G
               +--------+--------+--------+--------+--------+-----+--------+
         Total |   8197 |   7974 |    223 |   2259 |   4774 |   8 | 1024.6 |
       Dungeon |   6164 |   5965 |    199 |   1230 |   4029 |   6 | 1027.3 |
        Temple |     61 |     37 |     24 |      0 |     28 |   1 |   61.0 |
         Sewer |   1970 |   1970 |      0 |   1029 |    716 |   1 | 1970.0 |
               +--------+--------+--------+--------+--------+-----+--------+

Top non-repeatable levels by time:
   Sewer: 1970 daAuts
     D:1: 1553 daAuts
     D:2: 1432 daAuts
     D:4: 1215 daAuts
     D:5: 973 daAuts
     D:3: 963 daAuts
  Temple: 61 daAuts
     D:6: 25 daAuts
